 Dungeon Crawl Stone Soup version 0.27-a0-972-gd1521fd518 (webtiles) character file.

Game seed: 16315409281554541581

54 tardwrangler69 the Digger (level 3, 0/26 HPs)
             Began as a Draconian Earth Elementalist on Apr 13, 2021.
             Slain by Ijyb
             ... wielding a +0 dagger
              (4 damage)
             ... on level 2 of the Dungeon.
             The game lasted 00:02:59 (3765 turns).

tardwrangler69 the Digger (DrEE)                    Turns: 3765, Time: 00:02:59

Health: 0/26       AC:  5    Str: 10    XL:     3   Next: 66%
Magic:  1/7        EV: 12    Int: 16    God:
Gold:   87         SH:  0    Dex: 11    Spells: 6/7 levels left

rFire    . . .     SeeInvis .   a - +0 whip
rCold    . . .     Faith    .   (no shield)
rNeg     . . .     Spirit   .   (armour unavailable)
rPois    .         Reflect  .   (helmet restricted)
rElec    .         Harm     .   (no cloak)
rCorr    .         Rampage  .   (no gloves)
Will     .....                  (no boots)
Stlth    ++........             (no amulet)
HPRegen  0.08/turn              (no ring)
MPRegen  0.10/turn              (no ring)

@: no status effects
A: AC +5, unfitting armour, cold-blooded
a: no special abilities


You were on level 2 of the Dungeon.
You visited 1 branch of the dungeon, and saw 3 of its levels.

You collected 87 gold pieces.

Inventory:

Hand Weapons
 a - a +0 whip (weapon)
Missiles
 b - 28 stones
Scrolls
 d - a scroll of magic mapping {unknown}
 f - a scroll of fear {unknown}
 h - a scroll of summoning {unknown}
Potions
 c - 2 potions of mutation {unknown}
 e - a potion of brilliance {unknown}
 g - a potion of attraction {unknown}
 i - a potion of experience {unknown}


   Skills:
 - Level 1.7 Dodging
 - Level 1.7 Stealth
 + Level 2.7 Spellcasting
 - Level 1.0 Transmutations
 * Level 4.2 Earth Magic


You had 6 spell levels left.
You knew the following spells:

 Your Spells              Type           Power      Damage    Failure   Level
a - Sandblast             Erth           30%        2d9       3%          1

Your spell library contained the following spells:

 Spells                   Type           Power      Damage    Failure   Level
 Passwall                 Tmut/Erth      8%         N/A       10%         2
 Magic Dart               Conj           8%         1d3       19%         1
 Stone Arrow              Conj/Erth      16%        3d8       24%         3
 Blink                    Tloc           N/A        N/A       28%         2
 Call Imp                 Summ           2%         N/A       28%         2
 Slow                     Hex            2%         N/A       28%         2
 Conjure Flame            Conj/Fire      2%         6-21      50%         3
 Mephitic Cloud           Conj/Pois/Air  2%         N/A       50%         3
 Petrify                  Tmut/Erth      10%        N/A       54%         4
 Lee's Rapid Deconstruct  Erth           7%         3d8*      67%         5


Dungeon Overview and Level Annotations

Branches:
Dungeon (3/15)

Altars:

Annotations:
D:2 Ijyb, Terence


Innate Abilities, Weirdness & Mutations

Your plain brown scales are hard. (AC +5)
You cannot fit into any form of body armour.
You are cold-blooded and may be slowed by cold attacks.


Message History

You closely miss Ijyb.
Your tail-slap misses Ijyb.
Ijyb is heavily wounded.
Ijyb hits you but does no damage.
You barely miss Ijyb. You tail-slap Ijyb, but do no damage.
Ijyb is heavily wounded.
Ijyb hits you with a +0 dagger.
You barely miss Ijyb. You tail-slap Ijyb.
Ijyb is severely wounded.
Ijyb hits you but does no damage.
You closely miss Ijyb.
Ijyb is severely wounded.
Ijyb hits you but does no damage.
Casting: Sandblast (safe; 3% risk of failure)
Confirm with . or Enter, or press ? or * to list all spells.
Aiming: Sandblast (safe; 3% risk of failure)
Press: ? - help, Shift-Dir - straight line, f/p - Ijyb
Aim: Ijyb, wielding a +0 dagger, wearing a +0 leather armour and carrying a wand of iceblast (9) (severely wounded, 26% to evade)
The blast of sand hits Ijyb.
Ijyb is severely wounded.
Ijyb closely misses you. Ijyb hits you with a +0 dagger.
You climb upwards.
Level annotation: Terence
There is a stone staircase leading down here.
You are too injured to fight recklessly!
You are too injured to fight recklessly!
You are too injured to fight recklessly!
You are too injured to fight recklessly!
You hit Ijyb.
Ijyb is severely wounded.
Ijyb hits you with a +0 dagger.
You hit Ijyb but do no damage.
Ijyb is severely wounded.
Ijyb hits you with a +0 dagger.
You closely miss Ijyb.
Ijyb is severely wounded.
Ijyb hits you with a +0 dagger.
* * * LOW HITPOINT WARNING * * *
Ijyb hits you with a +0 dagger.
You die...

##..(.......#..# ##...
#.##.#.##...#.# ######
###. #......####...##
####....# #.
#####.######...###....#.##
#. #..............####.#
#. ######........## #.# ##
#........#####.# ####
#..............# #...
#####@...##.##.####.##
#g##..#.##..#...#
#.###....##.#.###
#..####..#..>.####
#........#........
######.##..##...#######
#......##.##....## #
#......##....##..### #
#.[....##..####....####


You could see Ijyb.

Vanquished Creatures
  An adder (D:3)
  A dart slug (D:2)
  An orc (D:3)
  3 ball pythons (D:2)
  2 endoplasms (D:2)
  4 goblins
  5 hobgoblins
  6 jackals
  A quokka (D:2)
  7 bats
  A frilled lizard (D:2)
  3 kobolds
  A rat (D:1)
36 creatures vanquished.

Notes
Turn   | Place    | Note
-------+----------+-------------------------------------------
     0 | D:1      | tardwrangler69 the Draconian Earth Elementalist began the
                  | quest for the Orb.
     0 | D:1      | Reached XP level 1. HP: 14/14 MP: 3/3
  1350 | D:1      | Reached XP level 2. HP: 20/20 MP: 5/5
  2069 | D:2      | Reached XP level 3. HP: 15/26 MP: 3/6
  2205 | D:2      | Found a faded altar of an unknown god.
  2598 | D:2      | Noticed Terence
  3106 | D:2      | Reached skill level 4 in Earth Magic
  3348 | D:3      | Noticed Ijyb
  3765 | D:2      | Slain by Ijyb

Illustrated notes

Levels and vault maps discovered:
D:1:      evilmike_arrival_plus, layout_basic
D:2:      layout_rooms, chequers_ecumenical_altar_island, minivault_26,
          uniq_terence
D:3:      layout_basic, fedhas_ov_isle_minmay, uniq_ijyb

Skill      XL: |  1  2  3 |
---------------+----------+-----
Earth Magic    | 4 |  4.2
Dodging        | |  1.7
Stealth        | |  1.7
Spellcasting   | |  2.7
Transmutations | |  1.0

Action                   || total
-------------------------++-------
Melee: Unarmed           ||    44
       Whip              ||   151
       Tailslap          ||    20
 Cast: Sandblast         ||    40
 Stab: Sleeping          ||     3
Armor: Skin              ||    90
Dodge: Dodged            ||   191

Table legend: (Time is in decaauts)
 A = Elapsed time spent in this place.
 B = Non-inter-level travel time spent in this place.
 C = Inter-level travel time spent in this place.
 D = Time resting spent in this place.
 E = Time spent auto-exploring this place.
 F = Levels seen in this place.
 G = Mean time per level.
                   A        B        C        D        E       F      G
               +--------+--------+--------+--------+--------+-----+--------+
         Total |   3789 |   3707 |     82 |    470 |   2693 |   3 | 1263.0 |
       Dungeon |   3789 |   3707 |     82 |    470 |   2693 |   3 | 1263.0 |
               +--------+--------+--------+--------+--------+-----+--------+

Top non-repeatable levels by time:
     D:2: 1796 daAuts
     D:1: 1792 daAuts
     D:3: 200 daAuts
